 Dungeon Crawl Stone Soup version 0.18.1-2-ga659475 (webtiles) character file.

6731 lightmor the Thaumaturge (level 10, -1/58 HPs)
             Began as a Deep Elf Fire Elementalist on May 8, 2016.
             Was an Initiate of Vehumet.
             Slain by a wolf spider zombie (8 damage)
             ... on level 9 of the Dungeon.
             The game lasted 00:36:30 (11779 turns).

lightmor the Thaumaturge (DEFE)                    Turns: 11779, Time: 00:36:30

Health: -1/58      AC:  6    Str: 10    XL:     10   Next: 75%
Magic:  16/28      EV: 20    Int: 24    God:    Vehumet [......]
Gold:   321        SH:  0    Dex: 27    Spells: 6 memorised, 16 levels left

rFire  . . .     SeeInvis .     D - +1 morningstar of Yredelemnul's Reproof {flame, MR+ Dex+4}
rCold  . . .     Gourm    .     a - +0 robe
rNeg   . . .     Faith    .     (no shield)
rPois  .         Spirit   .     j - +1 helmet
rElec  .         Dismiss  .     N - +0 cloak
rCorr  .         Reflect  .     K - +0 pair of gloves {Dex+3}
SustAt .         Harm     .     (no boots)
MR     ++...                    E - amulet of rage
Stlth  +++.......               g - +5 ring of dexterity
                                I - +5 ring of strength

@: very resistant to hostile enchantments, fairly stealthy
A: no striking features
a: Renounce Religion, Evoke Berserk Rage


You were on level 9 of the Dungeon.
You worshipped Vehumet.
Vehumet was noncommittal.
You were not hungry.

You visited 2 branches of the dungeon, and saw 10 of its levels.

You collected 591 gold pieces.
You spent 270 gold pieces at shops.

Inventory:

Hand Weapons
 i - a +0 scythe
 D - the +1 morningstar of Yredelemnul's Reproof (weapon) {flame, MR+ Dex+4}
   (You bought it in a shop on level 7 of the Dungeon)

   It has been specially enchanted to burn those struck by it, causing extra
   injury to most foes and up to half again as much damage against particularly
   susceptible opponents.
   It affects your dexterity (+4).
   It affects your resistance to hostile enchantments.
Armour
 a - a +0 robe (worn)
 j - a +1 helmet (worn)
 z - the +1 scale mail of Ican {rElec rPois rC-}
   (You found it on level 5 of the Dungeon)

   It makes you vulnerable to cold.
   It insulates you from electricity.
   It protects you from poison.
 K - a +0 pair of gloves of dexterity (worn)
 N - a +0 cloak (worn)
Jewellery
 g - a +5 ring of dexterity (right hand)
 E - an amulet of rage (around neck)
 I - a +5 ring of strength (left hand)
Wands
 r - a wand of disintegration (14/24)
 w - a wand of acid (7/15)
 C - a wand of random effects (17/48)
Scrolls
 e - a scroll of fear
 h - 3 scrolls of remove curse
 k - 4 scrolls of fog
 n - 2 scrolls of recharging
 t - 2 scrolls of teleportation
 v - a scroll of blinking {unknown}
 x - a scroll of enchant weapon {unknown}
 y - a scroll of magic mapping
 F - a scroll of random uselessness {unknown}
 G - a scroll of vulnerability {unknown}
 J - a scroll of amnesia {unknown}
 M - 3 scrolls of identify
Potions
 d - 2 potions of ambrosia
 f - 2 potions of haste
 l - 2 potions of mutation
 m - a potion of might
 o - 2 potions of lignification {unknown}
 p - 7 potions of curing
 q - a potion of invisibility
 A - a potion of berserk rage {unknown}
 L - a potion of agility {unknown}
Books
 b - a book of Flames

   Spells                             Type                      Level
   a - Flame Tongue                   Conjuration/Fire             1
   b - Throw Flame                    Conjuration/Fire             2
   c - Conjure Flame                  Conjuration/Fire             3
   d - Inner Flame                    Hexes/Fire                   3
   e - Sticky Flame                   Conjuration/Fire             4
   f - Fireball                       Conjuration/Fire             5
Comestibles
 c - 7 bread rations
 s - a slice of pizza
 u - 3 beef jerkies
 B - 2 meat rations
 H - a royal jelly
 O - 7 chunks of flesh


   Skills:
 + Level 4.4 Fighting
 + Level 7.1 Dodging
 - Level 2.4 Stealth
 * Level 12.8 Spellcasting
 + Level 8.6 Conjurations
 + Level 8.6 Fire Magic


You had 16 spell levels left.
You knew the following spells:

 Your Spells              Type           Power        Failure   Level  Hunger
a - Flame Tongue          Conj/Fire      #####        1%          1    None
b - Throw Flame           Conj/Fire      ######       1%          2    None
c - Conjure Flame         Conj/Fire      ######..     1%          3    None
d - Sticky Flame          Conj/Fire      ######..     1%          4    None
e - Fireball              Conj/Fire      ######....   3%          5    ###....
f - Inner Flame           Hex/Fire       #####...     1%          3    None


Dungeon Overview and Level Annotations

Branches:
Dungeon (9/15)             Temple (1/1) D:6             Orc (0/2) D:9
   Lair: D:8-11

Altars:
Ashenzari
Cheibriados
Dithmenos
Elyvilon
Fedhas
Gozag
Kikubaaqudgha
Makhleb
Nemelex Xobeh
Okawaru
Pakellas
Qazlal
Ru
Sif Muna
Trog
Vehumet
Xom
Yredelemnul
Zin
The Shining One

Shops:
D:7 ([=


Message History

* * * LOW HITPOINT WARNING * * *
The wolf spider zombie closely misses you.
The wolf spider zombie barely misses you.
The wolf spider zombie bites you but does no damage.
Casting: Flame Tongue
Confirm with . or Enter, or press ? or * to list all spells.
Aiming: Flame Tongue
Press: ? - help, Shift-Dir - straight line, f/p - wolf spider zombie
Aim: a wolf spider zombie
Okay, then.
Read which item? (? for menu, Esc to quit)
Okay, then.
Press: ? - help, v - describe, . - travel
Here: a wolf spider zombie The floor.
Drink which item? (? for menu, Esc to quit)
You feel better. The wolf spider zombie hits you!
* * * LOW HITPOINT WARNING * * *
The wolf spider zombie bites you!
You die...

..##.######.###.<..#
..##............#..#
#######..##.###...## #
#..##.# ##†##
######..##.####.###
#.......##.##.....#
#.####.###.##.....# #.# #.#
#.....Z..# #<#
#.######..@..## #.#
#.............#############
##.##
##########.#.........>.....
....# #.##<##########..#
##..# #.##.# #.#)
#..############.##.# #.##
#...)....>......##.# #.#
#.################.# #.#
#.# #.# #.#


You could see a wolf spider zombie.

Vanquished Creatures
  Pikel (D:4)
  A troll (D:9)
  Grinder (D:3)
  Sigmund (D:3)
  3 yaks (D:7)
  2 hippogriffs (D:8)
  Grum (D:8)
  2 hungry ghosts
  2 sky beasts
  3 slaves (D:5)
  5 orc warriors
  An ice beast (D:5)
  A black bear (D:9)
  4 ogres
  3 phantoms
  2 wolves
  3 centaurs
  A crocodile (D:8)
  A big kobold (D:9)
  5 giant frogs
  A water moccasin zombie (D:7)
  A wyvern skeleton (D:8)
  3 scorpions
  8 wights (D:6)
  8 killer bees
  2 crimson imps
  2 giant frog zombies (D:5)
  2 hounds (D:5)
  3 jellies
  4 orc wizards (D:9)
  11 orc priests
  2 giant frog skeletons
  Jessica (D:3)
  Natasha (twice) (D:3)
  4 iguanas
  4 worker ants
  Terence (D:3)
  2 hound skeletons (D:8)
  10 adders
  2 shadow imps
  4 oozes
  2 adder zombies
  An adder skeleton (D:6)
  A worm (D:3)
  2 dart slugs (D:1)
  5 giant geckos
  42 orcs
  6 bats
  5 giant cockroaches
  11 goblins
  10 hobgoblins
  5 jackals
  4 quokkas
  3 ball pythons
  2 giant gecko skeletons
  A giant gecko zombie (D:5)
  9 giant newts
  10 kobolds
  2 quokka skeletons (D:5)
  5 rats
  A bush (D:6)
247 creatures vanquished.

Vanquished Creatures (others)
  A plant (D:6)
1 creature vanquished.

Grand Total: 248 creatures vanquished

Notes
Turn   | Place    | Note
--------------------------------------------------------------
     0 | D:1      | lightmor the Deep Elf Fire Elementalist began the quest for the Orb.
     0 | D:1      | Reached XP level 1. HP: 10/10 MP: 6/6
   259 | D:1      | Reached XP level 2. HP: 15/15 MP: 5/8
   467 | D:1      | Learned a level 2 spell: Throw Flame
  1080 | D:2      | Reached XP level 3. HP: 19/19 MP: 6/9
  1142 | D:2      | Found a snail-covered altar of Cheibriados.
  1156 | D:2      | Learned a level 3 spell: Conjure Flame
  1524 | D:2      | Found a sparkling altar of Nemelex Xobeh.
  1647 | D:2      | Found an iron altar of Okawaru.
  2132 | D:3      | Noticed Terence
  2137 | D:3      | Killed Terence
  2137 | D:3      | Reached XP level 4. HP: 24/24 MP: 3/10
  2222 | D:3      | Found an ancient bone altar of Kikubaaqudgha.
  2732 | D:3      | Noticed Jessica
  2733 | D:3      | Killed Jessica
  2733 | D:3      | Reached skill level 4 in Spellcasting
  2733 | D:3      | Reached XP level 5. HP: 28/28 MP: 10/13
  2901 | D:3      | Noticed Sigmund
  2906 | D:3      | Killed Sigmund
  2906 | D:3      | Reached skill level 5 in Spellcasting
  2906 | D:3      | Reached skill level 5 in Conjurations
  2906 | D:3      | Reached XP level 6. HP: 21/32 MP: 9/16
  3180 | D:3      | Learned a level 4 spell: Sticky Flame
  3186 | D:3      | Learned a level 5 spell: Fireball
  3308 | D:3      | Noticed Natasha
  3313 | D:3      | Killed Natasha
  3393 | D:3      | Noticed Grinder
  3401 | D:3      | Killed Grinder
  3401 | D:3      | Reached skill level 6 in Spellcasting
  3401 | D:3      | Reached XP level 7. HP: 36/36 MP: 7/19
  3478 | D:3      | Noticed Natasha
  3484 | D:3      | Killed Natasha
  3544 | D:3      | Reached skill level 7 in Spellcasting
  3544 | D:3      | Reached skill level 5 in Fire Magic
  3555 | D:3      | Learned a level 3 spell: Inner Flame
  3776 | D:4      | Found a white marble altar of Elyvilon.
  4500 | D:4      | Reached skill level 8 in Spellcasting
  4600 | D:5      | Entered Level 5 of the Dungeon
  4791 | D:5      | Reached XP level 8. HP: 41/41 MP: 13/22
  4883 | D:5      | Got an encrusted scale mail
  5196 | D:5      | Reached skill level 1 in Fighting
  5339 | D:5      | Noticed Pikel
  5375 | D:4      | Killed Pikel
  5375 | D:4      | Reached skill level 9 in Spellcasting
  6745 | D:6      | Found a staircase to the Ecumenical Temple.
  6754 | D:6      | Reached skill level 10 in Spellcasting
  6754 | D:6      | Reached XP level 9. HP: 33/49 MP: 16/25
  6876 | Temple   | Entered the Ecumenical Temple
  7475 | D:6      | Found a shattered altar of Ashenzari.
  7761 | D:6      | Reached skill level 5 in Dodging
  7966 | D:7      | Reached skill level 11 in Spellcasting
  8168 | D:7      | Found a sacrificial altar of Ru.
  8360 | D:7      | Found Ostiesor's Antique Weapon Shop.
  8369 | D:7      | Bought an ivory morningstar for 270 gold pieces
  8369 | D:7      | Identified the cursed +1 morningstar of Yredelemnul's Reproof {flame, MR+ Dex+4} (You bought it in a shop on level 7 of the Dungeon)
  8582 | D:7      | Found Pirivet's Jewellery Emporium.
  8644 | D:7      | Found Eniemm's Antique Armour Emporium.
  8717 | D:7      | Identified the cursed +1 scale mail of Ican {rElec rPois rC-} (You found it on level 5 of the Dungeon)
  8800 | D:8      | Noticed Grum
  8948 | D:7      | Reached XP level 10. HP: 56/56 MP: 18/27
  9010 | D:8      | Killed Grum
  9620 | D:8      | Reached skill level 12 in Spellcasting
 10253 | D:9      | HP: 2/56 [orc warrior/trident (8)]
 10258 | D:9      | Found a bloodstained altar of Trog.
 10950 | D:9      | Found a blossoming altar of Fedhas.
 11383 | D:9      | Found a staircase to the Orcish Mines.
 11610 | D:9      | Found a radiant altar of Vehumet.
 11629 | D:9      | Became a worshipper of Vehumet
 11779 | D:9      | Slain by a wolf spider zombie

Skill      XL: |  1  2  3  4  5  6  7  8  9 10 |
---------------+-------------------------------+-----
Conjurations   | 2 3 4 5 6 7 8 |  8.6
Spellcasting   | 4 5 6 8 10 11 12 | 12.8
Fire Magic     | 4 5 6 7 8 |  8.6
Fighting       | 2 3 4 |  4.4
Dodging        | 4 5 7 |  7.1
Stealth        | |  2.4

Action                   |  1- 3 |  4- 6 |  7- 9 | 10-12 || total
-------------------------+-------+-------+-------+-------++-------
Melee: Unarmed           |     1 |       |       |       ||     1
       Scythe            |       |       |    46 |       ||    46
       Morningstar       |       |       |     2 |    46 ||    48
 Cast: Flame Tongue      |    66 |    49 |   153 |   136 ||   404
       Throw Flame       |     4 |    13 |    47 |    14 ||    78
       Conjure Flame     |     2 |       |    21 |    19 ||    42
       Sticky Flame      |       |     1 |    25 |    18 ||    44
       Inner Flame       |       |       |    12 |     9 ||    21
       Fireball          |       |       |     1 |     2 ||     3
Evoke: Wand              |       |       |     4 |       ||     4
  Use: Scroll            |     6 |       |    10 |     2 ||    18
       Potion            |       |       |       |     3 ||     3
 Stab: Sleeping          |       |       |       |     1 ||     1
  Eat: Chunk             |     4 |     4 |    17 |    11 ||    36
Armor: Robe              |     4 |     2 |    18 |    12 ||    36
Dodge: Dodged            |     9 |     6 |    77 |    72 ||   164
